Map: Cerulean Fall LE

Players

gLiM

  • Race: Zerg Zerg
  • League: Diamond
  • Spawn Location: 1:00

ViBE - Winner!

  • Race: Zerg Zerg
  • League: Diamond
  • Spawn Location: 7:00

VOD

Have the link to the VOD?

Description

Time

  • Played on: Nov. 30, 2018, 9:24 p.m.
  • Length: 9:02
Show
View Real Time Build Order
Export as new Build Order

gLiM Zerg 

Build Orders: Hatch First 

Get SALT Encoding   

  12  0:01  Drone  
  13  0:08  Drone  
  14  0:17  Overlord  
  14  0:23  Drone, Extractor  
  15  0:36  Drone  
  15  0:37  Drone  
  17  0:53  Hatchery  
  17  0:56  Drone  
  17  1:00  Drone  
  18  1:10  Extractor  
  17  1:15  Spawning Pool  
  16  1:18  Drone  
  16  1:22  Drone  
  18  1:36  Drone  
  19  1:43  Drone  
  20  1:56  Drone  
  20  1:59  Hatchery  
  20  2:00  Overlord  
  20  2:06  Zergling x2  
  21  2:12  Metabolic Boost  
  21  2:16  Zergling x2  
  21  2:18  Zergling x2  
  23  2:25  Queen  
  25  2:31  Drone x2  
  25  2:35  Zergling x2  
  30  2:45  Overlord  
  30  2:47  Queen  
  30  2:58  Zergling x2  
  30  2:59  Zergling x4  
  33  3:06  Queen  
  33  3:11  Zergling x2  
  33  3:12  Zergling x6  
  39  3:21  Zergling x4  
  39  3:22  Zergling x2  
  39  3:26  Queen  
  43  3:35  Drone x2  
  43  3:36  Drone  
  43  3:39  Drone x3  
  49  3:43  Extractor  
  48  3:49  Drone  
  49  4:07  Overlord  
  49  4:08  Overlord  
  48  4:16  Queen  
  50  4:17  Overlord  
  50  4:18  Roach Warren, Overlord  
  50  4:19  Evolution Chamber  
  48  4:27  Drone x3  
  51  4:31  Drone  
  51  4:35  Lair  
  52  4:49  Drone x4  
  52  4:50  Drone  
  52  4:51  Extractor  
  56  5:02  Zerg Missile Weapons Level 1, Overlord  
  56  5:04  Roach  
  58  5:09  Drone x3  
  61  5:15  Drone x3  
  61  5:18  Overlord  
  63  5:29  Roach  
  63  5:30  Roach x2  
  63  5:34  Roach  
  63  5:35  Roach  
  69  5:42  Roach  
  64  5:45  Roach x3  
  64  5:47  Drone  
  64  5:49  Drone x2  
  73  5:54  Roach x2  
  77  5:58  Roach  
  77  5:59  Glial Reconstitution  
  73  6:14  Roach x6  
  77  6:21  Roach  
  77  6:23  Roach  
  77  6:24  Roach  
  74  6:26  Roach  
  74  6:31  Roach  
  74  6:38  Roach x2  
  72  6:42  Queen  
  70  6:49  Roach  
  70  6:52  Roach  
  70  6:53  Roach x2  
  74  7:01  Drone x3  
  77  7:09  Queen  
  79  7:18  Drone  
  79  7:19  Drone x2  
  82  7:34  Queen  
  82  7:36  Overlord  
  84  7:37  Hatchery  
  84  7:42  Overlord x2  
  79  7:53  Roach  
  79  7:54  Roach x2  
  79  7:57  Ravager  
  85  7:58  Ravager  
  85  7:59  Ravager  
  85  8:00  Roach x2  
  92  8:08  Roach x2  
  96  8:17  Roach  
  96  8:18  Roach x3  
  104  8:22  Queen  
  104  8:25  Overlord  
  104  8:28  Roach  
  104  8:32  Roach  
  108  8:37  Roach  
  108  8:47  Drone x5  
Show
View Real Time Build Order
Export as new Build Order

ViBE Zerg - Winner!

Build Orders: Hatch First 

Get SALT Encoding   

  12  0:00  Drone  
  13  0:14  Overlord  
  13  0:21  Drone  
  14  0:32  Drone x2  
  16  0:38  Drone  
  17  0:55  Hatchery  
  16  0:58  Drone  
  16  1:00  Drone  
  18  1:14  Spawning Pool  
  18  1:16  Drone  
  18  1:20  Drone  
  19  1:31  Drone  
  20  1:37  Extractor  
  19  1:46  Drone  
  20  2:05  Queen  
  20  2:06  Queen  
  24  2:09  Drone x3  
  27  2:15  Drone  
  28  2:24  Overlord  
  28  2:25  Overlord  
  28  2:43  Drone x3  
  31  2:44  Lair  
  31  2:45  Queen  
  31  2:47  Drone  
  31  2:51  Evolution Chamber, Drone  
  33  2:56  Evolution Chamber  
  33  2:57  Drone  
  35  3:04  Roach Warren  
  35  3:05  Drone  
  35  3:21  Evolution Chamber  
  35  3:23  Drone x7  
  41  3:33  Overlord x2  
  41  3:40  Extractor  
  40  3:41  Extractor  
  40  3:44  Roach x2  
  43  3:52  Roach x3  
  43  3:55  Drone x3  
  50  4:01  Overlord  
  52  4:16  Drone x4  
  57  4:17  Drone  
  57  4:18  Glial Reconstitution  
  57  4:19  Zerg Missile Weapons Level 1  
  57  4:41  Overlord  
  57  4:42  Overlord x2  
  57  4:43  Roach x4  
  65  4:51  Drone  
  65  4:52  Overlord  
  66  5:02  Hatchery  
  65  5:13  Roach x5  
  75  5:31  Roach x5  
  85  5:38  Roach x2  
  89  5:49  Drone x5  
  94  5:53  Drone x3  
  97  6:02  Overlord x2  
  95  6:20  Drone x6  
  95  6:24  Overseer  
  101  6:30  Drone  
  101  6:31  Drone x4  
  106  6:40  Zerg Ground Armor Level 1, Zerg Missile Weapons Level 2, Hydralisk Den  
  106  6:44  Extractor  
  106  6:45  Drone x3  
  107  6:49  Extractor  
  107  6:50  Drone, Extractor  
  107  6:51  Drone x7  
  113  6:58  Hatchery  
  112  7:17  Overseer  
  112  7:18  Roach x5  
  112  7:20  Overlord  
  112  7:21  Overlord x4  
  122  7:25  Grooved Spines  
  122  7:38  Overlord x2  
  122  7:40  Roach x7  
  136  7:45  Roach x3  
  134  8:03  Overlord x3  
  134  8:04  Roach  
  134  8:05  Roach x6  
  148  8:12  Roach x6  
  160  8:17  Overlord  
  160  8:20  Overlord  
  160  8:21  Overlord  
  160  8:23  Hydralisk x5  
  170  8:28  Hydralisk x3  
  174  8:37  Hydralisk x2  
  174  8:38  Hydralisk x2  
Tags
 
Add a new tag
Caveats
  • Supply blocks, unpowered buildings, or Contaminate may cause inaccurate times.
  • Supply counts are checked every 10 seconds.